 Dungeon Crawl Stone Soup version 0.31.0-12-g77e489cdc1 (webtiles) character file.

Game seed: 13019876657809128011

18 cdecastro the Firebug (level 2, -2/15 HPs)
             Began as a Deep Elf Fire Elementalist on Feb 17, 2024.
             Frozen to death by an endoplasm (3 damage)
             ... on level 1 of the Dungeon.
             The game lasted 00:00:45 (464 turns).

cdecastro the Firebug (Deep Elf Fire Elementalist)   Turns: 464, Time: 00:00:45

Health: -2/15      AC:  2    Str:  5    XL:     2   Next: 51%
Magic:  0/8        EV: 12    Int: 19    God:
Gold:   18         SH:  0    Dex: 15    Spells: 6/7 levels left

rFire   . . .        (no weapon)
rCold   . . .        (no shield)
rNeg    . . .        a - +0 robe
rPois   .            (no helmet)
rElec   .            (no cloak)
rCorr   .            (no gloves)
SInv    .            (no boots)
Will    .....        (no amulet)
Stlth   ++           (no ring)
HPRegen 0.22/turn    (no ring)
MPRegen 0.11/turn

%: no passive effects
@: very slightly contaminated
A: no striking features
a: no special abilities


You were on level 1 of the Dungeon.
You visited 1 branch of the dungeon, and saw 1 of its levels.

You collected 18 gold pieces.

Inventory:

Armour
 a - a +0 robe (worn)
Potions
 b - a potion of magic
 c - a potion of brilliance {unknown}
 d - a potion of lignification {unknown}
 e - a potion of curing {unknown}


   Skills:
 - Level 2.4 Dodging
 - Level 2.4 Stealth
 - Level 3.0 Spellcasting
 - Level 1.1 Conjurations
 + Level 4.3 Fire Magic


You had 6 spell levels left.
You knew the following spells:

 Your Spells              Type           Power      Damage    Failure   Level
a - Foxfire               Conj/Fire      52%        2x1d6     4%          1

Your spell library contained the following spells:

 Spells                   Type           Power      Damage    Failure   Level
 Scorch                   Fire           38%        2d6       3%          2
 Inner Flame              Hex/Fire       11%        N/A       19%         3
 Volatile Blastmotes      Fire/Tloc      22%        2d11      19%         3
 Flame Wave               Conj/Fire      13%        2d6       45%         4


Dungeon Overview and Level Annotations

Branches:
Dungeon (1/15)

Altars:


Message History

Unknown command.
Casting: Foxfire (safe; 5% risk of failure)
Confirm with . or Enter, or press ? or * to list all spells.
You conjure some foxfire!
The foxfire hits the giant cockroach.
The giant cockroach is severely wounded.
The foxfire hits the giant cockroach but does no damage.
The giant cockroach is severely wounded.
The bat hits you but does no damage. The giant cockroach barely misses you.
The bat hits you.
* * * LOW HITPOINT WARNING * * *
Casting: Foxfire (safe; 5% risk of failure)
Confirm with . or Enter, or press ? or * to list all spells.
You conjure some foxfire!
The foxfire hits the giant cockroach but does no damage.
The giant cockroach is severely wounded.
The bat hits you.
* * * LOW HITPOINT WARNING * * *
The foxfire hits the giant cockroach.
You kill the giant cockroach!
The endoplasm closely misses you. The bat barely misses you.
Casting: Foxfire (safe; 4% risk of failure)
Confirm with . or Enter, or press ? or * to list all spells.
You conjure some foxfire!
The foxfire hits the bat.
You kill the bat!
The foxfire hits the endoplasm.
The endoplasm is lightly wounded.
The endoplasm freezes you.
You are frozen.
* * * LOW HITPOINT WARNING * * *
The goblin closely misses you.
Unknown command.
Unknown command.
The foxfire hits the goblin.
You kill the goblin!
The foxfire hits the goblin.
The goblin is heavily wounded.
Unknown command.
The endoplasm freezes you.
You are frozen.
You die...

#.##### #.l...#
#######.########
................
####.##.######## #.##.#
####.##.##### #
#####....#...§§)######.####.
............@Jg†'...........
#......†....###.......##
#....#......# #.........
#....#......# #.....#.##
######....######## #.....# #
..........# #.....#
..........# ##.####
......#.### #.# ......#.#


You could see an endoplasm and a goblin.

Vanquished Creatures
  A dart slug (D:1)
  A ball python (D:1)
  2 bats (D:1)
  4 endoplasms (D:1)
  A giant cockroach (D:1)
  A goblin (D:1)
  3 frilled lizards (D:1)
  2 rats (D:1)
15 creatures vanquished.

Vanquished Creatures (others)
  46 foxfires (D:1)
46 creatures vanquished.

Grand Total: 61 creatures vanquished

Notes
Turn   | Place    | Note
-------+----------+-------------------------------------------
     0 | D:1      | cdecastro the Deep Elf Fire Elementalist began the quest
                  | for the Orb.
     0 | D:1      | Reached XP level 1. HP: 10/10 MP: 6/6
   328 | D:1      | Reached skill level 4 in Fire Magic
   328 | D:1      | Reached XP level 2. HP: 15/15 MP: 6/8
   464 | D:1      | Frozen to death by an endoplasm

Illustrated notes

Levels and vault maps discovered:
D:1:      dpeg_arrival_circle_labyrinth_c, layout_basic

Skill      XL: |  1 |
---------------+----+-----
Fire Magic     | 4 |  4.3
Dodging        | |  2.4
Stealth        | |  2.4
Spellcasting   | |  3.0
Conjurations   | |  1.1

Action                     || total
---------------------------++-------
   Cast: Foxfire           ||    26
 Armour: Robe              ||    16
  Dodge: Dodged            ||    12
